Map: Zona del Vuoto

Players

STURM - Winner!

  • Race: Protoss Protoss

Jhyrachy - Winner!

  • Race: Zerg Zerg
  • League: Gold

ehooh - Winner!

  • Race: Protoss Protoss

DeeCosta - Winner!

  • Race: Terran Terran
  • League: Bronze

papasan

  • Race: Protoss Protoss
  • League: Bronze

NeelPride

  • Race: Zerg Zerg

Mark

  • Race: Protoss Protoss

Elf

  • Race: Protoss Protoss
  • League: Bronze

VOD

Have the link to the VOD?

Description

Time

  • Played on: April 12, 2016, 12:06 p.m.
  • Length: 49:58
Show
View Real Time Build Order
Export as new Build Order

STURM Protoss - Winner!

Build Orders: Cannon Rush 

Get SALT Encoding   

  12  0:03  Probe (Chrono Boost)  
  13  0:13  Probe (Chrono Boost)  
  14  0:24  Probe (Chrono Boost)  
  15  0:30  Pylon  
  15  0:39  Pylon  
  15  0:48  Probe (Chrono Boost)  
  16  1:06  Forge  
  16  1:10  Probe (Chrono Boost)  
  17  1:20  Pylon  
  17  1:21  Probe (Chrono Boost)  
  18  1:31  Probe (Chrono Boost)  
  19  1:40  Gateway  
  19  1:45  Photon Cannon  
  19  1:50  Photon Cannon  
  19  1:52  Photon Cannon  
  19  1:53  Probe (Chrono Boost)  
  20  2:03  Probe (Chrono Boost)  
  21  2:14  Probe (Chrono Boost)  
  22  2:22  Nexus  
  22  2:27  Probe (Chrono Boost)  
  23  2:35  Assimilator  
  23  2:38  Probe (Chrono Boost)  
  23  2:40  Assimilator  
  24  2:44  Pylon  
  24  2:56  Cybernetics Core  
  24  3:14  Pylon  
  24  3:19  Probe (Chrono Boost)  
  25  3:29  Pylon  
  25  3:32  Pylon  
  25  3:35  Probe (Chrono Boost)  
  25  3:37  Pylon  
  26  3:46  Probe (Chrono Boost)  
  26  3:47  Mothership Core (Chrono Boost)  
  29  3:54  Stargate  
  29  3:56  Probe (Chrono Boost)  
  30  4:05  Photon Cannon  
  30  4:07  Probe (Chrono Boost)  
  31  4:10  Assimilator  
  31  4:17  Probe (Chrono Boost)  
  31  4:22  Stargate  
  32  4:28  Probe (Chrono Boost)  
  33  4:34  Pylon  
  34  4:38  Probe (Chrono Boost)  
  34  4:49  Probe (Chrono Boost)  
  35  4:58  Stargate  
  35  4:59  Probe (Chrono Boost)  
  36  5:07  Photon Cannon  
  36  5:11  Photon Cannon  
  36  5:14  Void Ray  
  36  5:17  Photon Cannon  
  40  5:21  Probe (Chrono Boost)  
  40  5:26  Assimilator  
  41  5:30  Void Ray  
  41  5:32  Probe (Chrono Boost)  
  47  5:42  Probe (Chrono Boost)  
  47  5:46  Photon Cannon  
  47  5:50  Photon Cannon  
  47  5:53  Probe (Chrono Boost)  
  48  5:58  Photon Cannon  
  48  6:02  Photon Cannon  
  48  6:03  Probe (Chrono Boost)  
  49  6:13  Void Ray  
  49  6:14  Probe (Chrono Boost)  
  54  6:25  Probe (Chrono Boost)  
  55  6:27  Void Ray  
  59  6:34  Void Ray  
  59  6:35  Protoss Air Weapons Level 1 (Chrono Boost)  
  59  6:39  Probe (Chrono Boost)  
  64  6:48  Probe (Chrono Boost)  
  64  6:54  Protoss Shields Level 1 (Chrono Boost)  
  65  7:04  Probe  
  65  7:08  Void Ray  
  70  7:13  Void Ray  
  74  7:21  Void Ray, Pylon  
  78  7:38  Nexus  
  78  7:43  Probe  
  79  7:53  Void Ray  
  83  8:01  Void Ray  
  87  8:13  Protoss Air Armor Level 1  
  87  8:15  Void Ray  
  91  8:42  Stargate, Void Ray  
  95  8:51  Probe  
  96  9:02  Probe  
  96  9:05  Assimilator  
  96  9:08  Assimilator  
  97  9:14  Pylon  
  97  9:20  Pylon  
  97  9:23  Pylon  
  97  9:26  Pylon  
  97  9:35  Probe  
  98  9:46  Probe  
  98  9:47  Fleet Beacon  
  98  9:49  Twilight Council  
  99  9:52  Photon Cannon  
  99  9:55  Pylon  
  99  9:56  Probe  
  100  10:04  Robotics Facility  
  100  10:07  Probe, Photon Cannon  
  101  10:17  Probe  
  102  10:28  Probe  
  102  10:30  Protoss Shields Level 2 (Chrono Boost)  
  109  10:42  Carrier x2  
  121  10:46  Anion Pulse-Crystals  
  121  11:00  Observer  
  121  11:01  Pylon  
  122  11:06  Carrier  
  128  11:20  Protoss Air Weapons Level 2  
  128  11:21  Observer  
  129  11:32  Carrier  
  135  11:50  Graviton Catapult  
  135  12:08  Pylon  
  135  12:11  Cybernetics Core  
  135  12:15  Carrier  
  135  12:16  Carrier  
  147  12:31  Pylon  
  147  12:35  Stargate  
  147  12:36  Carrier  
  153  13:03  Carrier  
  158  13:09  Protoss Shields Level 3 (Chrono Boost)  
  158  13:19  Carrier  
  164  13:20  Pylon  
  164  13:48  Carrier x2  
  176  14:30  Protoss Air Weapons Level 3  
  176  14:41  Carrier  
  176  14:44  Carrier  
  188  14:49  Pylon  
  188  15:08  Protoss Air Armor Level 2  
  188  15:10  Carrier  
  194  15:15  Pylon  
Show
View Real Time Build Order
Export as new Build Order

Jhyrachy Zerg - Winner!

Build Orders: Hatch First 

Get SALT Encoding   

  12  0:10  Drone  
  13  0:18  Drone  
  14  0:44  Overlord  
  14  0:59  Hatchery  
  14  1:00  Drone  
  14  1:08  Drone x2  
  16  1:13  Extractor  
  16  1:18  Spawning Pool  
  14  1:26  Drone  
  14  1:28  Drone  
  16  1:48  Drone x2  
  18  1:56  Overlord  
  18  2:07  Queen  
  20  2:14  Drone  
  21  2:17  Queen  
  21  2:20  Drone  
  24  2:27  Drone  
  25  2:36  Drone x2  
  27  2:42  Extractor  
  26  2:47  Lair  
  26  2:54  Drone  
  26  2:57  Drone x3  
  30  3:07  Extractor  
  30  3:10  Drone x2  
  30  3:11  Extractor  
  30  3:19  Overlord x2  
  30  3:26  Drone  
  31  3:41  Drone  
  32  3:44  Drone x3  
  35  3:51  Overlord  
  35  3:52  Overlord  
  35  3:59  Drone, Spire  
  35  4:07  Drone x2  
  35  4:08  Drone x3  
  40  4:16  Overlord  
  40  4:40  Drone x2  
  40  4:41  Drone  
  40  4:42  Drone x2  
  45  5:11  Mutalisk  
  45  5:12  Mutalisk x4  
  45  5:13  Mutalisk  
  57  5:14  Mutalisk x4  
  57  5:15  Mutalisk  
  67  5:36  Zerg Flyer Weapons Level 1  
  67  5:43  Drone x4  
  67  5:44  Drone x2  
  67  6:44  Queen  
  69  6:47  Hatchery, Drone x2  
  69  6:48  Mutalisk  
  69  6:49  Mutalisk x2  
  76  6:57  Overlord x2  
  76  6:58  Overlord  
  76  7:27  Mutalisk x8  
  92  7:30  Zerg Flyer Armor Level 1  
  92  7:48  Infestation Pit  
  91  7:57  Evolution Chamber  
  90  8:23  Extractor  
  90  8:26  Extractor  
  88  8:30  Hive  
  88  8:32  Zerg Melee Weapons Level 1  
  88  8:47  Drone x3  
  92  8:48  Drone x3  
  94  9:15  Drone  
  94  9:16  Drone x8  
  103  9:31  Corruptor  
  103  9:35  Overlord x4  
  105  9:43  Greater Spire  
  105  10:00  Corruptor x3  
  105  10:01  Corruptor x3  
  105  10:03  Corruptor  
  105  10:06  Overlord x3  
  119  10:07  Overlord  
  119  10:08  Pneumatized Carapace  
  119  10:28  Zerg Melee Weapons Level 2  
  119  11:08  Brood Lord x8  
  135  11:15  Corruptor  
  135  11:16  Corruptor x4  
  145  11:27  Zerg Flyer Weapons Level 2  
  145  11:38  Evolution Chamber  
  144  11:41  Evolution Chamber  
  143  12:10  Corruptor  
  143  12:11  Corruptor x7  
  159  12:46  Zerg Ground Armor Level 1, Zerg Missile Weapons Level 1  
  159  12:51  Zerg Melee Weapons Level 3  
  159  13:20  Extractor  
  159  13:21  Hatchery  
  159  13:24  Extractor  
  156  14:39  Queen  
  158  15:10  Zerg Flyer Weapons Level 3  
  158  15:16  Ultralisk Cavern  
  158  15:21  Zerg Missile Weapons Level 2, Zerg Ground Armor Level 2  
  157  16:42  Hatchery  
  156  16:58  Hatchery x2  
  154  17:03  Hatchery  
  153  17:34  Hatchery  
  153  17:42  Hatchery x2  
  153  17:56  Hatchery  
  153  18:00  Hatchery  
  153  18:01  Hatchery x2  
  153  18:15  Chitinous Plating  
  153  18:16  Zerg Flyer Armor Level 2  
  153  18:20  Zerg Ground Armor Level 3, Zerg Missile Weapons Level 3  
  153  18:29  Hatchery  
  153  18:30  Hatchery  
  153  19:07  Drone  
  153  19:08  Drone x22  
  153  19:09  Drone x18  
  153  19:10  Hatchery  
  153  19:13  Hatchery  
  153  19:28  Hatchery  
  153  19:34  Hatchery  
  153  20:01  Extractor  
  153  20:05  Extractor x2  
  153  20:06  Extractor  
  153  20:28  Hatchery  
  153  20:31  Hatchery  
  153  20:32  Hatchery  
  153  20:35  Hatchery x2  
  153  20:36  Hatchery x2  
  153  20:37  Hatchery x2  
  153  20:41  Hatchery  
  153  20:42  Hatchery  
  153  20:43  Hatchery  
  153  20:55  Zerg Flyer Armor Level 3  
  153  21:48  Queen  
  153  21:50  Queen x5  
  153  21:51  Queen x4  
  153  21:52  Queen x7  
  153  23:17  Queen x2  
  153  23:20  Queen  
  153  24:31  Hatchery  
  153  24:35  Hatchery  
  153  24:46  Hatchery  
  153  24:51  Hatchery  
  153  24:56  Hatchery  
  153  24:57  Hatchery  
  153  24:58  Hatchery  
  153  25:02  Hatchery  
  153  25:58  Queen x2  
  153  25:59  Queen x21  
  153  26:00  Queen x6  
  153  28:16  Hatchery x3  
  153  28:19  Hatchery x2  
  153  28:21  Hatchery  
  153  28:45  Hatchery x2  
  153  28:46  Hatchery  
  153  28:47  Hatchery  
  153  28:55  Hatchery  
  153  29:00  Hatchery  
  153  29:06  Hatchery  
  153  29:16  Hatchery  
  153  29:18  Hatchery x2  
  153  29:50  Hatchery  
  153  29:52  Hatchery  
  153  29:59  Hatchery x2  
  153  30:25  Queen  
  153  30:26  Queen x10  
  153  31:45  Hatchery  
  153  32:11  Hatchery  
  153  33:00  Hatchery x2  
  153  33:05  Queen  
  153  33:06  Queen x15  
  153  34:19  Extractor  
  153  34:21  Extractor  
  153  46:52  Pathogen Glands  
  153  47:48  Neural Parasite  
Show
View Real Time Build Order
Export as new Build Order

ehooh Protoss - Winner!

Build Orders: Oracle Opening 

Get SALT Encoding   

  12  0:02  Probe (Chrono Boost)  
  13  0:12  Probe (Chrono Boost)  
  14  0:22  Pylon  
  14  0:23  Probe (Chrono Boost)  
  15  0:34  Assimilator  
  15  0:41  Assimilator, Probe (Chrono Boost)  
  16  0:51  Probe (Chrono Boost)  
  17  1:02  Probe (Chrono Boost)  
  18  1:05  Gateway  
  18  1:12  Probe (Chrono Boost)  
  19  1:23  Probe (Chrono Boost)  
  20  1:33  Probe (Chrono Boost)  
  20  1:36  Pylon  
  21  1:44  Probe (Chrono Boost)  
  22  1:52  Cybernetics Core  
  22  1:56  Probe (Chrono Boost)  
  23  2:06  Pylon  
  23  2:09  Forge  
  23  2:30  Zealot  
  25  2:40  Stargate  
  25  2:42  Stargate  
  25  2:47  Photon Cannon  
  25  2:50  Photon Cannon  
  25  2:57  Photon Cannon  
  25  3:24  Oracle  
  25  3:26  Oracle  
  31  3:42  Pylon  
  31  4:05  Nexus  
  39  4:58  Phoenix x2  
  36  5:00  Probe (Chrono Boost)  
  36  5:07  Pylon  
  36  5:10  Probe (Chrono Boost), Pylon  
  37  5:21  Probe (Chrono Boost)  
  38  5:22  Protoss Air Armor Level 1 (Chrono Boost)  
  38  5:23  Phoenix x2  
  38  5:27  Probe  
  42  5:32  Probe  
  42  5:35  Photon Cannon  
  44  5:37  Probe  
  44  5:44  Probe  
  44  5:48  Probe  
  46  5:57  Probe  
  47  5:58  Phoenix x2, Probe  
  52  6:09  Probe x2  
  52  6:10  Assimilator  
  54  6:12  Assimilator  
  54  6:21  Probe  
  55  6:32  Phoenix x2  
  59  6:57  Phoenix x2  
  63  7:26  Phoenix x2  
  63  7:28  Probe  
  67  7:30  Probe  
  69  7:42  Probe  
  70  7:51  Phoenix  
  64  8:16  Phoenix x2  
  68  8:24  Probe  
  69  8:35  Probe  
  69  8:40  Fleet Beacon  
  70  8:41  Phoenix x2  
  70  8:45  Protoss Air Weapons Level 1 (Chrono Boost), Probe  
  75  8:56  Probe  
  76  9:06  Phoenix  
  78  10:07  Probe  
  71  10:25  Anion Pulse-Crystals  
  71  10:30  Protoss Air Weapons Level 2 (Chrono Boost)  
  71  11:18  Phoenix x2  
  75  11:43  Phoenix  
  77  12:28  Protoss Air Armor Level 2 (Chrono Boost)  
  77  15:05  Pylon x2  
  77  15:07  Pylon  
  77  15:09  Pylon  
  77  15:11  Pylon  
  77  15:14  Pylon  
  77  15:17  Pylon  
  77  15:18  Pylon  
  77  15:20  Pylon  
  77  15:23  Pylon, Carrier x2  
  89  16:48  Carrier x2  
  101  18:14  Carrier x2  
  101  19:40  Carrier x2  
  101  21:05  Carrier x2  
Show
View Real Time Build Order
Export as new Build Order

DeeCosta Terran - Winner!

Build Orders:  

Get SALT Encoding   

  12  0:03  SCV  
  13  0:15  Supply Depot  
  13  0:19  SCV  
  14  0:29  Supply Depot  
  14  0:33  SCV  
  15  0:44  Supply Depot  
  15  0:57  Barracks  
  15  1:00  SCV  
  16  1:13  Barracks  
  16  1:15  SCV  
  17  1:44  Barracks  
  17  1:48  Supply Depot  
  17  1:56  Orbital Command  
  17  2:03  Engineering Bay  
  17  2:12  Marine  
  17  2:13  Marine  
  19  2:30  Refinery, Marine, Barracks  
  20  2:40  Missile Turret  
  20  2:55  SCV  
  21  3:00  Marine x2  
  21  3:01  Refinery, Marine  
  24  3:07  SCV  
  25  3:20  Barracks Tech Lab  
  25  3:40  Barracks Reactor  
  25  3:46  SCV  
  26  3:58  SCV  
  26  4:00  Engineering Bay  
  27  4:10  Marine x3, SCV  
  31  4:23  SCV  
  32  4:27  Factory  
  32  4:28  Marine x3  
  35  4:31  Combat Shields  
  35  4:35  SCV  
  35  4:38  Marine x2  
  38  4:46  Marine x3  
  38  4:47  SCV  
  42  4:57  Terran Infantry Armor Level 1  
  42  4:59  Terran Infantry Weapons Level 1  
  42  5:08  Marine x3  
  42  5:09  Marine x2  
  47  5:14  Factory Tech Lab  
  47  5:28  SCV  
  48  5:29  Starport  
  48  5:39  Marine x4  
  48  5:40  SCV  
  53  5:46  Marine  
  54  5:57  Marine x3  
  39  6:58  Starport Tech Lab  
  39  6:59  Armory  
  39  7:06  Armory  
  39  7:08  Marine  
  39  7:09  Marine x4  
  44  7:19  Stimpack  
  44  7:26  Marine x2  
  44  7:27  Marine x3  
  49  7:44  Marine x3  
  49  7:45  Marine x2  
  52  8:02  Marine x4  
  52  8:03  Marine  
  53  8:20  Marine  
  54  8:28  Marine x2  
  54  8:29  Marine x2  
  54  8:35  Terran Infantry Armor Level 2  
  54  8:37  Terran Infantry Weapons Level 2  
  54  8:38  Marine  
  53  8:46  Marine x3  
  53  8:47  Marine  
  57  8:56  Marine  
  57  9:05  Marauder  
  51  9:26  Marauder  
  48  9:48  Marauder  
  43  10:39  Raven  
  43  10:42  Terran Vehicle And Ship Armor Level 1  
  45  10:44  Terran Vehicle Weapons Level 1  
  45  10:51  Building Armor  
  45  10:54  Hi-Sec Auto Tracking, Marine x2  
  45  10:55  Marine x3  
  50  11:12  Marine x2  
  50  11:13  Marine x2  
  54  11:29  Marine  
  54  11:30  Marine x2  
  54  11:31  Marine  
  58  11:47  Marine  
  58  11:48  Marine x3  
  62  12:00  Command Center  
  62  12:05  Marine  
  62  12:06  Marine x3  
  66  12:23  Marine x2  
  66  12:24  Marine x2  
  70  12:41  Marine  
  71  13:15  Barracks  
  71  13:22  Refinery  
  71  13:37  Refinery  
  71  14:18  Medivac  
  73  14:27  Marine  
  73  14:28  Marine x4  
  78  14:39  Planetary Fortress  
  78  14:45  Marine  
  78  14:46  Marine x4  
  78  14:48  Medivac  
  78  14:51  Missile Turret  
  85  14:57  Missile Turret  
  85  15:03  Marine  
  85  15:05  Missile Turret  
  86  15:17  Marine  
  86  15:18  Raven  
  89  15:26  Supply Depot  
  89  15:37  Missile Turret  
  89  15:48  Supply Depot  
Show
View Real Time Build Order
Export as new Build Order

papasan Protoss 

Build Orders:  

Get SALT Encoding   

  12  0:03  Probe (Chrono Boost)  
  13  0:33  Pylon  
  13  0:34  Pylon  
  13  0:39  Probe (Chrono Boost)  
  14  0:49  Probe (Chrono Boost)  
  15  0:56  Forge  
  15  1:00  Probe (Chrono Boost)  
  16  1:14  Gateway  
  16  1:20  Gateway  
  16  1:32  Photon Cannon  
  16  1:38  Photon Cannon  
  16  1:44  Pylon  
  16  1:55  Assimilator  
  16  1:59  Assimilator  
  16  2:02  Zealot  
  16  2:07  Zealot  
  20  2:27  Cybernetics Core  
  20  2:29  Probe (Chrono Boost)  
  21  2:43  Pylon  
  21  3:08  Photon Cannon  
  21  3:15  Photon Cannon  
  21  3:23  Photon Cannon  
  21  3:31  Stargate  
  21  3:38  Pylon  
  21  4:11  Stargate  
  21  4:20  Oracle  
  19  4:44  Photon Cannon  
  19  4:55  Phoenix  
  21  5:11  Phoenix  
  23  5:22  Probe (Chrono Boost)  
  24  5:33  Probe (Chrono Boost)  
  25  5:43  Probe (Chrono Boost)  
  23  5:54  Probe (Chrono Boost)  
  24  6:04  Probe (Chrono Boost)  
  21  6:49  Oracle x2  
  29  7:04  Mothership Core  
  29  7:29  Photon Cannon  
  29  7:39  Photon Cannon  
  29  7:41  Photon Cannon  
  25  8:17  Photon Cannon  
  25  8:44  Pylon  
  25  8:46  Nexus  
  25  8:51  Pylon  
  25  8:53  Pylon  
  25  8:55  Pylon  
  25  8:59  Assimilator  
  22  9:32  Void Ray x2  
  20  10:10  Photon Cannon  
  17  10:29  Photon Cannon  
  3  11:22  Phoenix x2  
  7  11:34  Stargate x2  
  7  11:38  Probe  
  8  11:47  Phoenix x2 (Chrono Boost)  
  8  11:48  Probe  
  8  11:52  Protoss Air Weapons Level 1  
  13  11:59  Probe  
  14  12:01  Stargate  
  14  12:11  Probe  
  14  12:13  Phoenix (Chrono Boost)  
  14  12:15  Phoenix (Chrono Boost)  
  19  12:20  Phoenix (Chrono Boost)  
  19  12:21  Phoenix (Chrono Boost)  
  23  12:23  Probe  
  24  12:36  Mothership Core  
  28  12:38  Phoenix (Chrono Boost)  
  28  12:40  Phoenix (Chrono Boost)  
  28  12:44  Phoenix x2 (Chrono Boost)  
  34  13:04  Phoenix (Chrono Boost)  
  38  13:05  Phoenix (Chrono Boost)  
  39  15:23  Phoenix (Chrono Boost)  
Show
View Real Time Build Order
Export as new Build Order

NeelPride Zerg 

Build Orders: Pool First 

Get SALT Encoding   

  12  0:04  Drone  
  13  0:12  Drone  
  14  0:49  Extractor  
  13  0:57  Spawning Pool  
  13  0:58  Drone  
  13  1:02  Drone  
  14  1:08  Hatchery  
  14  1:09  Drone  
  14  1:20  Overlord  
  15  1:40  Drone x2  
  15  1:44  Queen  
  18  2:06  Drone x3  
  21  2:21  Lair  
  21  2:24  Drone  
  21  2:26  Drone  
  23  2:31  Queen  
  25  2:39  Extractor, Drone x2  
  27  2:44  Drone x2  
  28  2:57  Overlord  
  28  3:13  Extractor, Drone  
  28  3:18  Drone x2  
  30  3:32  Hydralisk Den  
  29  3:36  Drone  
  29  3:37  Drone  
  31  3:46  Drone x3  
  34  3:56  Infestation Pit  
  34  3:59  Drone x2  
  34  4:00  Drone, Evolution Chamber  
  34  4:01  Overlord, Evolution Chamber  
  34  4:06  Overlord  
  34  4:11  Lurker Den  
  34  4:32  Spore Crawler  
  34  4:35  Spore Crawler  
  34  4:37  Drone x4  
  36  4:44  Spore Crawler  
  35  4:49  Spore Crawler  
  34  4:52  Zerg Missile Weapons Level 1  
  34  4:54  Zerg Ground Armor Level 1  
  34  4:58  Drone x2  
  36  5:07  Drone x3  
  38  5:12  Pneumatized Carapace  
  39  5:21  Hydralisk x2  
  43  5:30  Hive  
  43  5:32  Overseer  
  43  5:37  Overseer  
  43  5:39  Overseer  
  41  6:28  Overlord  
  41  6:29  Overlord x2  
  41  6:53  Hydralisk  
  41  6:54  Hydralisk x2  
Show
View Real Time Build Order
Export as new Build Order

Mark Protoss 

Build Orders:  

Get SALT Encoding   

  12  0:16  Assimilator  
  12  0:24  Assimilator  
  12  0:45  Pylon  
  12  0:53  Pylon  
  12  1:00  Pylon  
  12  1:06  Gateway  
  12  1:27  Gateway  
  12  1:38  Pylon  
  12  2:12  Pylon  
  12  2:32  Gateway  
  12  2:40  Zealot  
  14  3:07  Zealot  
  14  3:10  Pylon  
  16  3:34  Zealot  
  18  3:39  Pylon  
  18  4:00  Zealot  
  18  4:01  Zealot  
  22  4:27  Zealot  
  22  4:28  Zealot  
  26  4:54  Zealot  
  28  5:21  Zealot  
  30  5:49  Probe (Chrono Boost)  
  31  5:59  Probe (Chrono Boost)  
  32  6:10  Probe (Chrono Boost)  
  31  6:20  Probe (Chrono Boost)  
  32  6:31  Probe (Chrono Boost)  
  27  6:42  Probe (Chrono Boost)  
  28  6:52  Probe (Chrono Boost)  
  29  6:59  Forge  
  29  7:42  Zealot  
  31  7:46  Zealot  
  33  8:09  Zealot  
  35  8:13  Zealot  
  37  8:36  Zealot  
  37  8:40  Zealot  
  41  8:59  Pylon  
  41  9:03  Zealot  
  41  9:04  Pylon  
  41  9:07  Zealot  
  45  9:30  Zealot  
  47  9:34  Zealot  
  34  9:57  Zealot  
  22  10:01  Zealot  
  12  10:24  Zealot  
  14  10:28  Zealot  
  8  10:51  Zealot  
  8  10:56  Zealot  
  12  11:18  Zealot  
  10  11:45  Zealot  
Show
View Real Time Build Order
Export as new Build Order

Elf Protoss 

Build Orders:  

Get SALT Encoding   

  12  0:10  Pylon  
  12  0:14  Probe (Chrono Boost)  
  13  0:29  Probe (Chrono Boost)  
  14  0:42  Forge  
  14  0:47  Pylon  
  14  0:52  Probe (Chrono Boost)  
  15  0:58  Assimilator  
  15  1:02  Probe (Chrono Boost)  
  16  1:12  Gateway  
  16  1:23  Photon Cannon  
  16  1:30  Probe (Chrono Boost)  
  17  1:41  Probe (Chrono Boost)  
  17  1:44  Gateway  
  18  1:50  Assimilator  
  18  2:11  Pylon  
  18  2:20  Probe (Chrono Boost)  
  19  2:31  Probe (Chrono Boost)  
  20  2:37  Zealot x2  
  20  2:41  Probe (Chrono Boost)  
  25  2:52  Probe (Chrono Boost)  
  26  3:02  Probe (Chrono Boost)  
  27  3:06  Cybernetics Core  
  27  3:30  Nexus  
  27  3:45  Pylon  
  27  3:49  Pylon  
  27  3:51  Probe (Chrono Boost)  
  28  4:02  Probe (Chrono Boost)  
  29  4:04  Zealot x2  
  33  4:12  Probe (Chrono Boost)  
  34  4:18  Photon Cannon  
  34  4:23  Probe (Chrono Boost)  
  35  4:27  Photon Cannon  
  35  4:41  Photon Cannon  
  35  4:50  Photon Cannon  
  35  4:53  Probe (Chrono Boost)  
  36  5:03  Photon Cannon  
  36  5:04  Probe (Chrono Boost)  
  36  5:06  Probe (Chrono Boost)  
  38  5:16  Probe (Chrono Boost)  
  39  5:21  Pylon  
  39  5:25  Pylon  
  39  5:27  Probe (Chrono Boost)  
  40  5:43  Twilight Council  
  40  5:49  Stargate  
  40  5:52  Stargate  
  40  5:53  Probe (Chrono Boost)  
  42  5:57  Probe (Chrono Boost)  
  43  6:04  Probe (Chrono Boost)  
  43  6:07  Probe (Chrono Boost)  
  44  6:14  Probe (Chrono Boost), Zealot  
  44  6:18  Probe (Chrono Boost)  
  48  6:24  Dark Shrine  
  48  6:25  Probe (Chrono Boost)  
  49  6:34  Fleet Beacon  
  49  6:35  Probe (Chrono Boost)  
  49  6:38  Pylon  
  50  6:41  Void Ray  
  54  6:59  Photon Cannon  
  54  7:03  Photon Cannon  
  54  7:23  Probe (Chrono Boost)  
  55  7:31  Void Ray  
  55  7:32  Void Ray  
  55  7:34  Probe (Chrono Boost), Pylon  
  64  7:43  Graviton Catapult  
  64  7:45  Probe (Chrono Boost)  
  65  7:55  Probe (Chrono Boost)  
  66  8:06  Probe (Chrono Boost)  
  66  8:07  Charge  
  67  8:14  Void Ray x2  
  75  8:28  Dark Templar  
  75  8:30  Zealot  
  75  8:40  Anion Pulse-Crystals  
  75  8:43  Nexus  
  75  8:45  Assimilator  
  75  8:51  Photon Cannon  
  75  8:53  Photon Cannon  
  75  8:57  Void Ray x2, Zealot  
  75  8:58  Pylon  
  85  9:07  Zealot  
  86  9:24  Zealot  
  88  9:34  Zealot  
  90  9:40  Phoenix, Carrier  
  98  9:51  Zealot  
  100  10:01  Zealot  
  90  10:18  Dark Templar  
  82  10:28  Dark Templar  
  82  10:46  Probe (Chrono Boost)  
  83  10:56  Probe (Chrono Boost)  
  90  10:57  Stalker  
  90  11:07  Probe (Chrono Boost), Stalker  
  81  11:17  Probe (Chrono Boost)  
  74  11:27  Stalker  
  74  11:28  Probe (Chrono Boost)  
  74  11:30  Pylon  
  73  11:33  Pylon  
  73  11:36  Pylon  
  73  11:37  Stalker  
  75  11:57  Stalker  
  75  12:07  Stalker  
  73  12:12  Gateway  
  73  12:13  Gateway  
  73  12:15  Gateway  
  73  12:18  Gateway  
  73  12:28  Stargate  
  73  12:32  Stargate  
  73  12:37  Stalker  
  73  12:38  Stargate  
  73  12:41  Photon Cannon  
  75  12:46  Photon Cannon  
  65  13:03  Stalker x3  
  65  13:05  Stalker  
  75  13:17  Void Ray x2  
  83  13:33  Stalker x3  
  89  13:35  Stalker  
  89  13:38  Forge  
  95  14:05  Stalker  
  95  14:07  Nexus  
  54  14:50  Pylon  
  54  14:53  Pylon  
  54  15:01  Nexus  
  54  15:05  Pylon  
  54  15:07  Pylon  
  54  15:11  Pylon  
  54  15:16  Forge  
  54  15:28  Gateway  
  54  15:30  Gateway  
  54  15:32  Gateway  
  42  15:49  Assimilator  
  42  15:53  Assimilator  
  42  15:56  Photon Cannon  
  42  15:57  Photon Cannon  
  42  16:00  Photon Cannon  
  42  16:02  Photon Cannon  
  42  16:03  Photon Cannon  
  42  16:09  Photon Cannon  
  42  16:12  Photon Cannon  
  42  16:15  Photon Cannon  
  36  16:20  Photon Cannon  
  36  16:24  Photon Cannon  
  36  16:31  Photon Cannon  
  42  16:40  Photon Cannon  
  42  16:43  Photon Cannon  
Tags
 
Add a new tag
Caveats
  • Supply blocks, unpowered buildings, or Contaminate may cause inaccurate times.
  • Supply counts are checked every 10 seconds.